AoeStats
← 464408627

Black Forest

510113077Analyzed
2v2 RM · 3d ago on Sep 29, 2026· 57m 40s· 4 players
Game mode
Random Map
Map size
Medium (4 player)
Population
200
Speed
Normal
Resources
Standard
Victory
Conquest
Starting age
Dark Age
Ending age
Imperial Age
RankedLock teamsTeams togetherTeam positionsShared explorationLock speedFull tech treeHidden civsTurbo modeCheats
Victory
Defeat
🇮🇹 Celts · Italy
676
+15
🇺🇸 Chinese · United States
654
+15
🇨🇳 Bohemians · China
673
-16
🇨🇳 Turks · China
617
-14
2129678591
1:03 Loom
14:01 Feudal Age
14:27 Double-Bit Axe
14:24 Horse Collar
15:25 Wheelbarrow
17:31 Town Watch
20:53 Gold Mining
20:55 Stone Mining
30:28 Castle Age
29:08 Fletching
29:19 Padded Archer Armor
29:00 Man-at-Arms
31:19 Bow Saw
31:13 Heavy Plow
31:50 Gold Shaft Mining
31:56 Long Swordsman
32:37 Squires
34:51 Hand Cart
37:18 Masonry
37:20 Fortified Wall
37:07 Murder Holes
36:54 Treadmill Crane
42:07 Imperial Age
41:02 Scale Mail Armor
41:28 Town Patrol
41:37 Arson
43:32 Caravan
44:03 Coinage
43:43 Guilds
46:11 Banking
46:00 Chain Mail Armor
45:46 Padded Archer Armor
45:37 Fletching
48:20 Architecture
48:17 Ballistics
48:08 Elite Janissary
49:23 Hoardings
50:00 Conscription
49:58 Two-Handed Swordsman
51:06 Champion
464408627
6:12 Loom
24:20 Feudal Age
24:58 Horse Collar
25:11 Double-Bit Axe
25:19 Man-at-Arms
27:40 Arson
30:01 Castle Age
28:36 Forging
28:26 Scale Mail Armor
31:43 Wheelbarrow
32:12 Heavy Plow
32:25 Bow Saw
32:55 Hand Cart
32:26 Town Watch
34:05 Town Patrol
34:21 Long Swordsman
35:04 Squires
35:54 Iron Casting
35:36 Chain Mail Armor
38:42 Caravan
40:18 Wagenburg Tactics
42:49 Imperial Age
41:40 Chemistry
41:21 Ballistics
41:13 Masonry
41:14 Fortified Wall
43:24 Capped Ram
46:03 Conscription
46:20 Onager
46:35 Two-Handed Swordsman
48:51 Hussite Reforms
51:25 Blast Furnace
50:56 Plate Mail Armor
50:25 Champion
52:30 Bombard Tower
52:45 Architecture
51:41 Elite Hussite Wagon
52:31 Houfnice
salvo.anfuso
0:40 Loom
15:08 Feudal Age
27:53 Castle Age
28:00 Double-Bit Axe
28:00 Horse Collar
28:43 Gold Mining
31:46 Wheelbarrow
30:58 Town Watch
31:17 Heavy Plow
31:56 Gold Shaft Mining
32:34 Caravan
35:28 Bow Saw
38:07 Hand Cart
39:45 Coinage
43:17 Imperial Age
41:35 Scale Barding Armor
42:11 Scale Mail Armor
42:12 Padded Archer Armor
42:04 Fletching
42:34 Forging
43:32 Onager
43:34 Heavy Scorpion
44:31 Furor Celtica
45:54 Pikeman
46:20 Arson
47:26 Chain Barding Armor
47:22 Chain Mail Armor
47:05 Bodkin Arrow
49:41 Elite Woad Raider
53:29 Siege Onager
67676767676767676767676767676767
0:27 Loom
15:59 Feudal Age
16:30 Double-Bit Axe
21:16 Castle Age
21:45 Wheelbarrow
21:04 Horse Collar
22:23 Bow Saw
24:05 Hand Cart
33:59 Fortified Wall
36:22 Imperial Age
38:58 Two-Man Saw
39:26 Coinage
39:11 Town Watch
40:10 Town Patrol
40:44 Banking
45:32 Great Wall
45:53 Conscription
45:54 Rocketry
45:45 Stone Mining
45:45 Gold Mining
47:46 Stone Shaft Mining
47:46 Gold Shaft Mining
48:23 Chemistry
48:17 Masonry
48:02 Murder Holes
48:28 Ballistics
49:09 Fletching
49:19 Padded Archer Armor
49:30 Forging
49:20 Scale Mail Armor
50:17 Bodkin Arrow
50:39 Leather Archer Armor
51:00 Iron Casting
50:32 Thumb Ring
50:52 Elite Chu Ko Nu
50:57 Capped Ram
51:02 Heavy Rocket Cart
51:03 Capped Ram
52:20 Bracer
52:51 Ring Archer Armor
53:21 Blast Furnace
52:37 Chain Mail Armor
52:24 Squires
52:11 Arson
51:47 Pikeman
51:51 Man-at-Arms
54:22 Architecture
53:58 Long Swordsman
53:58 Halberdier
55:11 Plate Mail Armor
54:32 Siege Ram
Connection lost

Rejoining the realm…

Still unreachable

The connection could not be restored.

Session expired

The server has moved on; the page needs a fresh start.